 Dungeon Crawl Stone Soup version 0.30.1-9-gdf580d7c3d (webtiles) character file.

Game seed: 14521346591826634530

12345 growler the Zephyrmancer (level 11, -1/64 HPs)
             Began as a Tengu Air Elementalist on Oct 12, 2023.
             Was an Elder of Hepliaklqana.
             Succumbed to a yellow draconian annihilator's poison arrow
             ... on level 2 of the Abyss.
             The game lasted 00:47:43 (12717 turns).

growler the Zephyrmancer (Tengu Air Elementalist)  Turns: 12717, Time: 00:47:44

Health: -1/64      AC:  6    Str:  3    XL:     11   Next: 91%
Magic:  21/21      EV: 13    Int: 21    God:    Hepliaklqana [****..]
Gold:   589        SH:  5    Dex: 19    Spells: 12/22 levels left

rFire   . . .        G - +2 dagger (venom)
rCold   . . .        n - +1 buckler
rNeg    + + .        B - +1 robe {rN+}
rPois   +            (helmet restricted)
rElec   .            E - +2 ratskin cloak {*Rats rPois rN+ Str-1 Int-1 Dex+1}
rCorr   .            F - +0 pair of gloves {Dex+3}
SInv    .            (boots unavailable)
Will    +....        I - amulet of magic regeneration
Stlth   +++          x - ring of willpower
HPRegen 0.30/turn    D - +6 ring of intelligence
MPRegen 0.57/turn

%: no passive effects
@: lethally poisoned (-1 -> -6), flying quickly and evasively, quick
A: reduced essence, beak, talons 3, nimble flight, [deformed body], [dopey 2],
[weak 2], [inability to drink after injury 2]
a: Renounce Religion, Recall Ancestor, Ancestor Identity, Transference, Idealise


You were on level 2 of the Abyss.
You worshipped Hepliaklqana.
Hepliaklqana was greatly pleased with you.
You visited 2 branches of the dungeon, and saw 12 of its levels.
You visited the Abyss 1 time.
You also visited: Bailey.

You collected 776 gold pieces.
You spent 187 gold pieces at shops.

Inventory:

Hand Weapons
 y - a +0 rapier
 G - a +2 dagger of venom (weapon)
Missiles
 K - 8 throwing nets
Armour
 n - a +1 buckler (worn)
 A - a +1 cloak
 B - a +1 robe of positive energy (worn)
 E - the +2 ratskin cloak (worn) {*Rats rPois rN+ Str-1 Int-1 Dex+1}
   (You found it on level 6 of the Dungeon)

   *Rats:     When the wearer is hurt, rats may emerge from it to assist them.
   Str:       It affects your strength (-1).
   Int:       It affects your intelligence (-1).
   Dex:       It affects your dexterity (+1).
   rPois:     It protects you from poison.
   rN:        It protects you from negative energy.
 F - a +0 pair of gloves of dexterity (worn)
 P - a +0 kite shield
Jewellery
 x - a ring of willpower (left hand)
 D - a +6 ring of intelligence (right hand)
 I - an amulet of magic regeneration (around neck)
 M - a +6 ring of strength
Wands
 b - a wand of digging (6)
 d - a wand of acid (5)
 v - a wand of polymorph (18)
 H - a wand of flame (35)
 J - a wand of roots (11)
 N - a wand of paralysis (27)
Scrolls
 f - a scroll of blinking {unknown}
 g - 2 scrolls of enchant armour
 h - a scroll of teleportation
 j - a scroll of silence {unknown}
 k - a scroll of magic mapping {unknown}
 o - 5 scrolls of amnesia
 r - a scroll of vulnerability
 s - a scroll of immolation
 u - 3 scrolls of poison
 w - a scroll of torment {unknown}
 z - a scroll of fear
 O - a scroll of acquirement {unknown}
Potions
 a - a potion of ambrosia
 c - a potion of cancellation
 e - 2 potions of brilliance
 i - 5 potions of attraction
 l - 3 potions of might {unknown}
 m - 2 potions of curing
 p - 4 potions of heal wounds {unknown}
 q - a potion of haste
 C - a potion of lignification
 L - 2 potions of berserk rage


   Skills:
 - Level 9.6 Fighting
 - Level 9.2 Short Blades
 - Level 2.1 Dodging
 + Level 4.2 Stealth
 - Level 6.0 Spellcasting
 - Level 6.0 Conjurations
 - Level 14.5 Air Magic


You had 12 spell levels left.
You knew the following spells:

 Your Spells              Type           Power      Damage    Failure   Level
a - Shock                 Conj/Air       100%       1d9       1%          1
b - Static Discharge      Conj/Air       98%        2-7/arc   1%          2
c - Swiftness             Air            61%        N/A       1%          3
d - Airstrike             Air            30%        2d(5-21)  1%          4

Your spell library contained the following spells:

 Spells                   Type           Power      Damage    Failure   Level
 Cigotuvi's Dreadful Rot  Necr/Pois/Air  52%        N/A       4%          2
 Foxfire                  Conj/Fire      72%        2x1d7     6%          1
 Stone Arrow              Conj/Erth      36%        3d9       19%         3
 Apportation              Tloc           12%        N/A       22%         1
 Necrotise                Necr           24%        1d5       22%         1
 Sandblast                Erth           12%        2d6       22%         1
 Summon Small Mammal      Summ           24%        N/A       22%         1
 Passwall                 Tmut/Erth      5%         N/A       32%         2
 Portal Projectile        Hex/Tloc       12%        N/A       54%         3
 Petrify                  Tmut/Erth      6%         N/A       91%         4
 Metabolic Englaciation   Hex/Ice        3%         N/A       99%         5
 Statue Form              Tmut/Erth      4%         N/A       100%        6
 Discord                  Hex            3%         N/A       100%        8


Dungeon Overview and Level Annotations

Branches:
Dungeon (11/15)            Temple (1/1) D:5            Lair (0/5) D:8
 Bailey (visited)
    Orc: D:9-12

Altars:
Cheibriados
Elyvilon
Fedhas
Hepliaklqana
Okawaru
Qazlal
Ru
Sif Muna
Uskayaw
Vehumet
Xom
Zin
The Shining One

Shops:
D:7 [

Annotations:
D:9 3 runed translucent doors, turdburglar's ghost, novice DrTm


Innate Abilities, Weirdness & Mutations

Your life essence is reduced to manifest your ancestor. (-10% HP)
You have a beak for a mouth.
You have claws for feet.
Your magical nature lets you fly swiftly and evasively.
[Armour fits poorly on your strangely shaped body.]
[You are very dopey. (Int -4)]
[You are very weak. (Str -4)]
[You sometimes lose the ability to drink potions when taking damage.]


Message History

The smoke demon gestures at you. Something smites you!
* * * LOW HITPOINT WARNING * * *
A hell rat scurries out from under your cloak.
The wretched star pulses with an eldritch light!
You feel weaker. x2
The smoke demon gestures at you. Something smites you!
* * * LOW HITPOINT WARNING * * *
A hell rat scurries out from under your cloak.
A neqoxec comes into view.
The neqoxec shouts!
The wretched star glows turbulently.
The lance of force hits your hell rat!!
Your hell rat dies!
The wretched star pulses with an eldritch light!
You occasionally lose the ability to drink potions when taking damage.
You lose the ability to drink potions when taking damage more often.
Your hell rat twists and deforms.
A starcursed mass comes into view.
A yellow draconian annihilator comes into view.
It is wielding a +0 long sword.
The yellow draconian annihilator roars!
The yellow draconian annihilator casts a spell at you.
The poison arrow hits you!
You are poisoned.
You partially resist.
You feel threatened and lose the ability to drink potions!
* * * LOW HITPOINT WARNING * * *
* * * LOW HITPOINT WARNING * * *
You feel sick.
The yellow draconian annihilator casts a spell.
The yellow draconian annihilator blinks!
Unknown command.
Hit: G) +2 dagger (venom)
Press: ? - help, Dir - move target, f - you That would be overly suicidal.
Okay, then.
Unknown command.
You can drink potions again.
You die...

####. . # ##.# ..
#.#...###### #X.# ...
r.#.## ...... ...# #..#
#.#..# #.....##. # ...##
#.##.#.##.###....##.§...
*..## .#.......###....#
####. ##..#.*.#.#...#
##. . ..##.#..#r..# .§#
#..*. #.#...@##..# ##
#...#.###.#.......# #
... .#. ##....###.. .#
.#.....# #..#.# ##
.####.# ....#. .. ##
#...# .# ##. .#... . .
####.. ##


You could see a wretched star and a friendly hell rat (misshapen).

Vanquished Creatures
  2 two-headed ogres (D:10)
  A wretched star (Abyss:2)
  A large abomination (Abyss:2)
  Maggie (D:7)
  A komodo dragon (D:11)
  2 trolls
  A shadow (D:10)
  A vampire (D:10)
  16 yaks
  Grum (D:8)
  An acid dragon (D:10)
  2 water moccasins (D:6)
  Duvessa (D:5)
  2 sky beasts
  An orc warrior (D:8)
  2 black bears
  An ice beast (D:7)
  2 centaurs (D:9)
  An ogre (D:6)
  A phantom (D:5)
  7 wolves
  3 kobold brigands
  A bullfrog (D:6)
  7 gnoll sergeants (Bailey)
  3 scorpions
  4 wights (D:8)
  Dowan (D:5)
  16 killer bees
  2 howler monkeys
  6 orc priests
  5 hounds
  2 jellies
  6 gnoll boudas
  4 iguanas
  3 sleepcaps
  9 orc wizards
  23 gnolls
  8 adders
  A white imp (D:6)
  An ufetubus (D:7)
  A worm (D:2)
  26 orcs
  6 endoplasms
  5 giant cockroaches
  8 goblins
  9 hobgoblins
  6 jackals
  5 quokkas
  5 ball pythons
  5 bats
  4 frilled lizards (D:1)
  A jackal zombie (D:7)
  17 kobolds
  A kobold zombie (D:7)
  8 rats
260 creatures vanquished.

Vanquished Creatures (collateral kills)
  A komodo dragon (D:8)
  3 yaks
  2 orc warriors
  A wolf (D:8)
  A bullfrog (D:6)
  2 gnoll sergeants
  4 killer bees
  A howler monkey (D:7)
  An orc priest (D:7)
  A gnoll bouda (Bailey)
  2 orc wizards
  2 gnolls (Bailey)
  A shadow imp (D:7)
  6 orcs
  2 kobolds (D:8)
30 creatures vanquished.

Vanquished Creatures (others)
  3 hexers
  5 ancestors
8 creatures vanquished.

Grand Total: 298 creatures vanquished

Notes
Turn   | Place    | Note
-------+----------+-------------------------------------------
     0 | D:1      | growler the Tengu Air Elementalist began the quest for the
                  | Orb.
     0 | D:1      | Reached XP level 1. HP: 10/10 MP: 4/4
   197 | D:1      | Reached XP level 2. HP: 15/15 MP: 0/6
   200 | D:1      | Learned a level 2 spell: Static Discharge
   781 | D:1      | Reached XP level 3. HP: 19/19 MP: 5/7
   785 | D:1      | Learned a level 3 spell: Swiftness
  1889 | D:2      | Reached XP level 4. HP: 24/24 MP: 6/9
  2003 | D:3      | Reached skill level 5 in Air Magic
  3205 | D:4      | Gained mutation: Your magical nature lets you fly swiftly
                  | and evasively. [Tengu growth]
  3205 | D:4      | Reached XP level 5. HP: 24/28 MP: 1/10
  3210 | D:4      | Learned a level 4 spell: Airstrike
  3294 | D:4      | HP: 1/28 [/static electricity (1)]
  3628 | D:4      | Reached skill level 6 in Air Magic
  3628 | D:4      | Reached XP level 6. HP: 27/32 MP: 3/12
  4588 | D:4      | Reached skill level 5 in Conjurations
  4725 | D:5      | Entered Level 5 of the Dungeon
  4769 | D:5      | Found a staircase to the Ecumenical Temple.
  4778 | Temple   | Entered the Ecumenical Temple
  4806 | Temple   | Became a worshipper of Hepliaklqana the Forgotten
  4855 | D:5      | Reached XP level 7. HP: 24/36 MP: 0/14
  5053 | D:5      | Noticed Duvessa
  5053 | D:5      | Noticed Dowan
  5056 | D:5      | Killed Duvessa
  5057 | D:5      | Reached skill level 7 in Air Magic
  5069 | D:5      | Killed Dowan
  5527 | D:5      | Reached skill level 1 in Fighting
  5721 | D:5      | Found a shimmering blue altar of Sif Muna.
  5744 | D:5      | Reached skill level 8 in Air Magic
  5744 | D:5      | Reached XP level 8. HP: 43/43 MP: 8/16
  5802 | D:5      | Got Sif Muna's Guide on Destruction
  6074 | D:6      | Reached skill level 5 in Spellcasting
  6368 | D:6      | Reached * piety under Hepliaklqana
  6774 | D:6      | Reached skill level 9 in Air Magic
  7072 | D:6      | Found the +2 ratskin cloak {*Rats rPois rN+ Str-1 Int-1
                  | Dex+1}
  7249 | D:7      | Found Hicyj's Antique Armour Shop.
  7268 | D:7      | Reached XP level 9. HP: 24/46 MP: 2/19
  7291 | D:7      | Bought a pair of glowing gloves for 187 gold pieces
  7451 | D:7      | Got the Guidebook on Alluring Clouds
  7500 | D:7      | Reached skill level 10 in Air Magic
  7627 | D:7      | Reached skill level 1 in Short Blades
  7648 | D:7      | Reached skill level 5 in Fighting
  7960 | D:7      | Reached skill level 11 in Air Magic
  7982 | D:7      | Found a flagged portal.
  7992 | D:7      | Noticed Maggie
  7995 | Bailey   | Entered a bailey
  8137 | Bailey   | Reached XP level 10. HP: 19/54 MP: 11/20
  8413 | Bailey   | Reached skill level 5 in Short Blades
  8642 | Bailey   | Reached skill level 12 in Air Magic
  8759 | Bailey   | Identified the +1 trident of Shrieking Terror {distort,
                  | Str+3}
  8821 | D:7      | Killed Maggie
  9213 | D:7      | Reached ** piety under Hepliaklqana
  9214 | D:7      | Remembered your ancestor Reggie B. as a hexer
  9390 | D:8      | Noticed Grum
  9394 | D:8      | Killed Grum
  9719 | D:8      | Reached skill level 13 in Air Magic
 10048 | D:8      | Found a staircase to the Lair.
 10081 | D:8      | Reached XP level 11. HP: 61/61 MP: 19/21
 10405 | D:9      | Found a runed translucent gate.
 10405 | D:9      | Found a runed translucent gate.
 10405 | D:9      | Found a runed translucent gate.
 10578 | D:9      | Reached *** piety under Hepliaklqana
 10610 | D:9      | Found a glowing silver altar of Zin.
 10646 | D:9      | Found a shimmering altar of Xom.
 10908 | D:9      | Found a blossoming altar of Fedhas.
 11184 | D:9      | Noticed turdburglar's ghost (novice DrTm)
 11232 | D:10     | Entered Level 10 of the Dungeon
 11291 | D:10     | Noticed a two-headed ogre
 11295 | D:10     | Killed a two-headed ogre
 11438 | D:10     | Noticed a two-headed ogre
 11441 | D:10     | Killed a two-headed ogre
 11648 | D:10     | Reached skill level 14 in Air Magic
 12097 | D:10     | Reached **** piety under Hepliaklqana
 12510 | D:11     | Noticed a wizard
 12512 | Abyss:2  | Cast into level 2 of the Abyss (a wizard)
 12553 | Abyss:2  | Noticed a large abomination
 12557 | Abyss:2  | Killed a large abomination
 12567 | Abyss:2  | Noticed a wretched star
 12587 | Abyss:2  | Noticed a hellephant
 12588 | Abyss:2  | Killed a wretched star
 12677 | Abyss:2  | Noticed a tentacled starspawn
 12682 | Abyss:2  | Noticed a thrashing horror
 12689 | Abyss:2  | Noticed a wretched star
 12713 | Abyss:2  | Noticed a starcursed mass
 12715 | Abyss:2  | Noticed a yellow draconian annihilator
 12715 | Abyss:2  | HP: 2/64 [yellow draconian annihilator/poison arrow (13)]
 12717 | Abyss:2  | Succumbed to a yellow draconian annihilator's poison arrow

Illustrated notes

Levels and vault maps discovered:
D:1:      ebering_trefoil_twist, layout_basic
D:2:      layout_rooms, minmay_misc_feat_alley, kennysheep_generic_room_13
D:3:      layout_loops_cross, kennysheep_cross_bottleneck
D:4:      layout_gridville
D:5:      layout_basic, led_sif_book, temple_pool_b, uniq_duvessa
D:6:      layout_rooms
D:7:      layout_basic, enter_ossuary_3, serial_shops, nicolae_stop_n_shop_1,
          lightli_bailey_entry_fortress, uniq_maggie
D:8:      layout_loops_ring, david_lair_shrubbed, minmay_door_square,
          nicolae_kite_square_tiling_tiny, uniq_grum
D:9:      layout_long_grid, mainiacjoe_overflow_cross_hatched,
          mainiacjoe_overflow_brackets, amcnicky_altar_gilded,
          gammafunk_ghost_icy
D:10:     layout_irregular_city
D:11:     layout_roguey [special_room_kobold], erik_orc_1,
          portal_ice_cave_entry_ice_simulacra, kiku_gazebo_pond_becter,
          uniq_urug, uniq_nergalle, uniq_gastronok
Temple:   regret_index_temple_mists
Abyss:2:  base: D:6, minivault_1, due_exit_kobolds

Skill      XL: |  1  2  3  4  5  6  7  8  9 10 11 |
---------------+----------------------------------+-----
Conjurations   | 2 3 4 5 6 |  6.0
Air Magic      | 5 6 8 9 11 13 14 | 14.5
Spellcasting   | 3 4 6 |  6.0
Fighting       | 1 4 6 8 9 |  9.6
Short Blades   | 4 7 9 |  9.2
Stealth        | 4 |  4.2
Dodging        | |  2.1

Action                     |  1- 3 |  4- 6 |  7- 9 | 10-12 || total
---------------------------+-------+-------+-------+-------++-------
  Melee: Unarmed           |    14 |     9 |       |       ||    23
         Kick              |     5 |     2 |    15 |    57 ||    79
         Peck              |     3 |     2 |    13 |    33 ||    51
         Dagger            |       |       |    35 |   128 ||   163
   Cast: Shock             |    77 |   105 |    96 |   111 ||   389
         Static Discharge  |     2 |    21 |    22 |    29 ||    74
         Airstrike         |       |     2 |    28 |    83 ||   113
         Swiftness         |       |     1 |       |       ||     1
 Invoke: Recall Ancestor   |       |       |     2 |     2 ||     4
         Ancestor Identity |       |       |     1 |       ||     1
         Ancestor Life: He |       |       |       |     1 ||     1
  Evoke: Wand              |       |       |       |     1 ||     1
    Use: Scroll            |       |     7 |       |    10 ||    17
         Potion            |       |     1 |     2 |       ||     3
   Stab: Sleeping          |       |       |       |     3 ||     3
         Confused          |       |       |       |     2 ||     2
         Distracted        |       |       |       |     1 ||     1
 Armour: Robe              |     4 |     2 |    16 |    36 ||    58
  Dodge: Dodged            |    17 |    20 |    57 |   105 ||   199
  Block: Buckler           |       |       |    11 |    36 ||    47
